AoeStats
← beneath mariana

Coastal Forest

503164934Analyzed
4v4 RM · 1mo ago on Aug 30, 2026· 64m 35s· 8 players
Game mode
Random Map
Map size
Large (8 player)
Population
200
Speed
Normal
Resources
Standard
Victory
Conquest
Starting age
Dark Age
Ending age
Imperial Age
RankedLock teamsTeams togetherTeam positionsShared explorationLock speedFull tech treeHidden civsTurbo modeCheats
Victory
Defeat
🇲🇴 Franks · Macao SAR China
1540
+13
🇧🇷 Magyars · Brazil
1516
+14
🇨🇳 Magyars · China
1499
+15
🇫🇷 Bengalis · France
1475
+16
🇺🇸 Malay · United States
1477
-15
🇲🇴 Hindustanis · Macao SAR China
1475
-15
🇩🇪 Wei · Germany
1475
-15
🇨🇳 Spanish · China
1466
-14
Louchosse
11:54 Feudal Age
10:19 Loom
13:15 Loom
16:01 Castle Age
14:02 Fishing Lines
14:36 Gold Mining
14:31 Double-Bit Axe
14:40 Town Watch
17:09 Wheelbarrow
16:53 Medium Warships
16:34 Gillnets
17:45 Bow Saw
19:34 Stone Mining
22:36 Hand Cart
23:49 Horse Collar
26:25 Heavy Plow
27:28 Ballistics
31:53 Imperial Age
31:08 Heated Shot
31:09 Guard Tower
31:49 Forging
31:30 Fletching
31:58 Stone Mining
32:34 Paiks
33:07 Iron Casting
32:37 Scale Barding Armor
33:08 Crop Rotation
33:40 Two-Man Saw
33:12 Bodkin Arrow
34:18 Chemistry
34:30 Conscription
34:13 Padded Archer Armor
33:59 Elite Ratha (Ranged)
36:31 Coinage
36:11 Guilds
36:27 Bracer
37:27 Blast Furnace
39:03 Chain Barding Armor
39:38 Mahayana
40:30 Plate Barding Armor
41:14 Leather Archer Armor
42:14 Scale Mail Armor
42:44 Ring Archer Armor
43:16 Banking
42:47 Caravan
43:18 Chain Mail Armor
42:25 Pikeman
43:05 Squires
42:51 Gambesons
42:51 Arson
45:04 Halberdier
48:51 Gold Shaft Mining
48:49 Siege Elephant
53:28 Man-at-Arms
54:55 Light Cavalry
55:35 Husbandry
55:55 Masonry
55:40 Murder Holes
56:05 Bloodlines
59:09 Long Swordsman
TORA
9:10 Feudal Age
9:51 Double-Bit Axe
10:09 Horse Collar
13:21 Bloodlines
18:26 Wheelbarrow
17:38 Loom
22:26 Castle Age
21:07 Gold Mining
21:47 Scale Barding Armor
23:15 Husbandry
26:40 Chain Barding Armor
27:08 Bow Saw
30:08 Gold Shaft Mining
42:10 Imperial Age
43:51 Plate Barding Armor
42:37 Cavalier
43:19 Stone Mining
47:16 Fletching
48:07 Light Cavalry
49:18 Bodkin Arrow
48:46 Elite Magyar Huszar
50:06 Conscription
50:40 Bracer
50:41 Padded Archer Armor
51:07 Hand Cart
50:38 Town Watch
51:17 Ballistics
52:03 Chemistry
51:23 Thumb Ring
52:42 Leather Archer Armor
52:54 Parthian Tactics
53:58 Ring Archer Armor
53:56 Heavy Plow
54:01 Hussar
56:30 Recurve Bow
57:05 Crossbowman
57:54 Heavy Cavalry Archer
-GNG-Tenma
8:32 Feudal Age
9:18 Double-Bit Axe
9:53 Horse Collar
17:00 Scale Barding Armor
21:18 Castle Age
19:41 Gold Mining
20:14 Bloodlines
21:36 Light Cavalry
22:58 Bow Saw
22:51 Loom
23:21 Husbandry
23:58 Chain Barding Armor
24:02 Heavy Plow
28:26 Wheelbarrow
30:27 Hand Cart
31:03 Gold Shaft Mining
32:07 Stone Mining
38:17 Imperial Age
35:45 Fletching
35:55 Padded Archer Armor
36:42 Ballistics
36:32 Masonry
36:59 Coinage
37:10 Bodkin Arrow
37:30 Leather Archer Armor
38:38 Thumb Ring
38:44 Heavy Cavalry Archer
39:50 Parthian Tactics
39:27 Recurve Bow
39:48 Conscription
41:30 Bracer
42:09 Ring Archer Armor
43:00 Chemistry
43:25 Crop Rotation
43:56 Two-Man Saw
50:24 Caravan
50:16 Cavalier
50:19 Hussar
52:44 Elite Magyar Huszar
54:00 Hoardings
53:30 Corvinian Army
56:14 Plate Barding Armor
61:01 Siege Engineers
60:37 Treadmill Crane
60:52 Murder Holes
61:08 Scale Mail Armor
HOU
3:40 Loom
11:35 Feudal Age
12:08 Double-Bit Axe
18:13 Scale Barding Armor
18:34 Town Watch
19:15 Forging
25:54 Castle Age
24:52 Gold Mining
24:53 Fletching
25:58 Pikeman
26:39 Squires
26:40 Scale Mail Armor
27:15 Iron Casting
27:12 Bodkin Arrow
28:53 Chain Mail Armor
30:55 Bow Saw
30:37 Stone Mining
33:34 Wheelbarrow
41:45 Imperial Age
41:59 Halberdier
43:55 Gold Shaft Mining
43:47 Conscription
44:15 Hand Cart
50:05 Plate Mail Armor
50:36 Blast Furnace
51:31 Padded Archer Armor
52:10 Ballistics
52:51 Chemistry
53:37 Husbandry
52:57 Light Cavalry
53:59 Chain Barding Armor
53:54 Leather Archer Armor
54:06 Elite Skirmisher
61:48 Town Patrol
64:10 Plate Barding Armor
64:08 Caravan
Baron von Kissalot
10:51 Feudal Age
14:39 Castle Age
13:50 Double-Bit Axe
14:35 Horse Collar
18:44 Husbandry
19:47 Bow Saw
19:35 Loom
22:35 Bloodlines
22:47 Heavy Plow
24:07 Wheelbarrow
25:31 Gold Mining
26:52 Scale Barding Armor
28:27 Chain Barding Armor
29:06 Forging
33:25 Iron Casting
34:44 Hand Cart
36:10 Fletching
40:47 Imperial Age
39:19 Bodkin Arrow
40:31 Gold Shaft Mining
39:47 Stone Mining
40:45 Tuntian
41:25 Town Watch
42:46 Blast Furnace
42:16 Heavy Hei Guang Cavalry
44:54 Conscription
45:13 Ming Guang Armor
46:35 Bracer
46:57 Ballistics
47:31 Padded Archer Armor
48:46 Elite Skirmisher
51:33 Leather Archer Armor
52:33 Chemistry
51:44 Masonry
51:41 Treadmill Crane
53:09 Ring Archer Armor
53:28 Parthian Tactics
53:16 Murder Holes
54:33 Light Cavalry
pokka86
6:32 Loom
9:00 Feudal Age
9:31 Double-Bit Axe
10:14 Horse Collar
16:46 Wheelbarrow
20:56 Castle Age
19:37 Scale Barding Armor
19:25 Gold Mining
20:11 Bloodlines
21:42 Forging
21:49 Bow Saw
22:19 Husbandry
30:13 Hand Cart
31:05 Chain Barding Armor
31:03 Town Watch
36:41 Imperial Age
35:55 Iron Casting
36:21 Gold Shaft Mining
35:40 Stone Mining
37:00 Heavy Camel Rider
38:56 Plate Barding Armor
39:21 Blast Furnace
38:47 Imperial Camel Rider
42:04 Conscription
45:10 Two-Man Saw
43:37 Light Cavalry
44:41 Grand Trunk Road
45:43 Hussar
47:28 Fletching
47:38 Padded Archer Armor
48:36 Bodkin Arrow
48:50 Thumb Ring
49:49 Chemistry
49:01 Elite Skirmisher
50:17 Bracer
57:46 Leather Archer Armor
59:35 Ring Archer Armor
AlDebaran
7:35 Loom
10:19 Feudal Age
10:23 Man-at-Arms
16:41 Horse Collar
22:53 Double-Bit Axe
27:02 Gold Mining
29:12 Fletching
34:38 Castle Age
34:36 Bodkin Arrow
38:33 Crossbowman
beneath mariana
2:39 Loom
8:44 Loom
11:07 Feudal Age
11:55 Double-Bit Axe
13:39 Gold Mining
16:02 Wheelbarrow
16:38 Town Watch
18:05 Fletching
20:42 Castle Age
20:33 Fletching
21:44 Medium Warships
32:42 Horse Collar
36:37 Bow Saw
36:27 Bodkin Arrow
37:42 Sanctity
42:22 Imperial Age
40:09 Fervor
40:00 Devotion
40:56 Caravan
41:01 Heavy Plow
41:03 Inquisition
41:56 Bloodlines
41:47 Husbandry
41:50 Padded Archer Armor
41:55 Man-at-Arms
42:21 Gambesons
42:36 Squires
42:37 Scale Mail Armor
42:48 Forging
43:19 Block Printing
43:41 Theocracy
43:41 Illumination
42:54 Capped Ram
42:57 Long Swordsman
45:04 Chemistry
44:18 Two-Handed Swordsman
46:14 Chain Mail Armor
47:25 Plate Mail Armor
46:43 Champion
48:45 Forging
50:39 Conscription
50:59 Iron Casting
50:54 Bracer
51:34 Conscription
53:20 Blast Furnace
52:53 Redemption
53:05 Faith
52:51 Scale Barding Armor
52:38 Pikeman
54:25 Two-Man Saw
54:06 Supremacy
53:09 Halberdier
54:19 Leather Archer Armor
54:14 Herbal Medicine
55:37 Arson
56:40 Coinage
56:20 Guilds
55:58 Elite Cannon Galleon
58:40 Banking
58:36 Bombard Tower
58:38 Ballistics
58:29 Masonry
58:48 Siege Ram
60:04 Clinker Construction
60:06 Careening
61:06 Ring Archer Armor
64:27 Chain Barding Armor
64:44 Hand Cart
Connection lost

Rejoining the realm…

Still unreachable

The connection could not be restored.

Session expired

The server has moved on; the page needs a fresh start.